 Dungeon Crawl Stone Soup version 0.17-a0-483-g810ce3f (webtiles) character file.

329 Fiveotanaka the Cudgeler (level 6, -5/52 HPs)
             Began as a Demigod Wanderer on Apr 8, 2015.
             Slain by Menkaure (15 damage)
             ... on level 4 of the Dungeon.
             The game lasted 00:12:18 (4192 turns).

Fiveotanaka the Cudgeler (Demigod Wanderer)         Turns: 4192, Time: 00:12:18

Health: -5/52      AC:  9    Str: 22    XL:     6   Next: 4%
Magic:  13/13      EV:  7    Int: 19    God:
Gold:   117        SH:  9    Dex: 19    Spells: 0 memorised, 10 levels left

rFire  . . .     SeeInvis .     E - +0 flail
rCold  + . .     Clarity  .     b - +0 ring mail
rNeg   . . .     SustAb   +     a - +0 shield
rPois  .         Gourm    .     H - +0 helmet
rElec  .         Spirit   .     u - +0 cloak
rCorr  +         Warding  .     K - +0 pair of gloves
rMut   .         Stasis   .     y - +0 pair of boots
MR     .....                    J - amulet of resist corrosion
Stlth  +.........               F - ring of invisibility
                                v - ring of protection from cold

@: mighty, brilliant, flying, very slightly contaminated, invisible, not
resistant to hostile enchantments, very unstealthy
A: high mp 1, sustain abilities
a: no special abilities


You were on level 4 of the Dungeon.
You were not hungry.

You visited 1 branch of the dungeon, and saw 4 of its levels.

You collected 117 gold pieces.

Inventory:

Hand weapons
 d - a +0 blowgun
 g - a +0 whip
 t - a +0 hammer
 w - a +0 spear
 A - a +0 hunting sling
 E - a +0 flail (weapon)
Missiles
 h - 7 tomahawks (quivered)
 l - 91 stones
 m - 2 javelins
 C - 20 sling bullets
Armour
 a - a +0 shield (worn)
 b - a +0 ring mail (worn)
 u - a +0 cloak (worn)
 y - a +0 pair of boots (worn)
 H - a +0 helmet (worn)
 K - a +0 pair of gloves (worn)
Jewellery
 v - a ring of protection from cold (left hand)
 F - a ring of invisibility (right hand)
 J - an amulet of resist corrosion (around neck)
Scrolls
 e - 5 scrolls of remove curse
 p - a scroll of magic mapping {unknown}
 q - a scroll of amnesia {unknown}
 r - 2 scrolls of identify {unknown}
 x - a scroll of enchant armour {unknown}
 B - 2 scrolls of teleportation {unknown}
 G - a scroll of blinking {unknown}
 I - 2 scrolls of random uselessness {unknown}
Potions
 i - a potion of curing
 j - a potion of heal wounds {unknown}
 k - a potion of beneficial mutation {unknown}
 n - a potion of invisibility
 o - a potion of brilliance
 s - 2 potions of flight
Books
 c - Sif Muna's Almanac of Companions

   Spells                             Type                      Level
   a - Summon Butterflies             Summoning                    1
   b - Summon Guardian Golem          Hexes/Summoning              3
Comestibles
 f - 3 bread rations
 D - a meat ration


   Skills:
 - Level 4.0 Fighting
 - Level 5.0 Maces & Flails
 - Level 1.0 Throwing
 - Level 1.0 Armour
 - Level 1.0 Shields
 - Level 2.6 Spellcasting


You had 10 spell levels left.
You didn't know any spells.

Dungeon Overview and Level Annotations

Branches:
Dungeon (4/15)
 Temple: D:4-7

Annotations:
D:4 Menkaure


Innate Abilities, Weirdness & Mutations

You have an increased reservoir of magic (+10% MP).
Your attributes are resistant to harm.


Message History

You feel very buoyant.
You fly up into the air.
You block Menkaure's attack. The orc hits you with a falchion.
* * * LOW HITPOINT WARNING * * *
Drink which item? (? for menu, Esc to quit)
It was a potion of brilliance.
You feel clever all of a sudden.
Menkaure giggles, "These cerements are ticklish..."
You block Menkaure's attack. You block the orc's attack.
Drink which item? (? for menu, Esc to quit)
It was a potion of invisibility.
You fade into invisibility!
You block Menkaure's attack. The orc hits you but does no damage.
You are very lightly contaminated with residual magic.
Drink which item? (? for menu, Esc to quit)
It was a potion of might.
You feel very mighty all of a sudden. Menkaure hits you but does no damage.
The orc completely misses you. Menkaure hits you!
You die...

>.# ##........#
####.# #..........
....#.# #..[..###..
##...#.# #.....## ##.
#.#....## #.....# ##
#.......# #......# #
##.......###.......#
..#..#......#.......#
.#....#
#.@o.........# #
.......#
###M...#.....# #
........## ##...##
#....## ##
..........###...##
#....###.
...............##
#..)...
.......o.......#
##....#
...........M....##
#...##
........$#####...#
##...# .........#
##..## ##....#


You could see Menkaure and an orc.

Vanquished Creatures
  An ogre (D:3)
  Crazy Yiuf (D:2)
  A centaur skeleton (D:4)
  Jessica (D:3)
  An iguana (D:4)
  Robin (D:3)
  6 adders
  A worm (D:3)
  2 giant geckos (D:3)
  An ooze (D:3)
  2 orcs
  2 ball pythons (D:1)
  5 giant cockroaches
  17 goblins
  12 hobgoblins
  2 quokkas
  3 giant newts (D:3)
  9 kobolds
  3 rats
71 creatures vanquished.

Notes
Turn   | Place    | Note
--------------------------------------------------------------
     0 | D:1      | Fiveotanaka, the Demigod Wanderer, began the quest for the Orb.
     0 | D:1      | Fiveotanaka set off with: a +0 shield, a +0 ring mail, Sif Muna's Almanac of Companions, a +0 club, a bread ration
     0 | D:1      | Reached XP level 1. HP: 16/16 MP: 6/6
     0 | D:1      | Identified Sif Muna's Almanac of Companions
   292 | D:1      | Reached skill level 3 in Maces & Flails
   548 | D:1      | Reached XP level 2. HP: 23/23 MP: 8/8
  1155 | D:2      | Noticed Crazy Yiuf
  1168 | D:2      | Killed Crazy Yiuf
  1168 | D:2      | Reached skill level 4 in Maces & Flails
  1168 | D:2      | Reached XP level 3. HP: 18/28 MP: 9/9
  1408 | D:2      | Found an ancient bone altar of Kikubaaqudgha.
  1802 | D:2      | Found an opulent altar of Gozag.
  1806 | D:2      | Reached XP level 4. HP: 35/35 MP: 10/10
  2027 | D:3      | Noticed Jessica
  2041 | D:3      | Killed Jessica
  2152 | D:3      | Reached skill level 5 in Maces & Flails
  2507 | D:3      | Noticed Robin
  2539 | D:3      | Killed Robin
  2936 | D:3      | Found a white marble altar of Elyvilon.
  3033 | D:3      | Noticed an ogre
  3041 | D:3      | Killed an ogre
  3041 | D:3      | Reached XP level 5. HP: 42/45 MP: 11/11
  3287 | D:3      | Found a bloodstained altar of Trog.
  3288 | D:3      | Found an iron altar of Okawaru.
  3400 | D:4      | Found a snail-covered altar of Cheibriados.
  3566 | D:4      | Found a blossoming altar of Fedhas.
  4016 | D:4      | Reached XP level 6. HP: 40/52 MP: 13/13
  4170 | D:4      | Noticed Menkaure
  4192 | D:4      | Slain by Menkaure

Action                   |  1- 3 |  4- 6 || total
-------------------------+-------+-------++-------
Melee: Whip              |   116 |    41 ||   157
       Club              |    16 |       ||    16
       Spear             |       |   101 ||   101
       Flail             |       |    33 ||    33
 Fire: Hunting sling     |     4 |    39 ||    43
Throw: Tomahawk          |    12 |    10 ||    22
  Use: Potion            |       |     5 ||     5
       Scroll            |       |     1 ||     1
  Eat: Chunk             |     3 |     8 ||    11
